Map: Ever Dream LE

Players

Mordrago

  • Race: Protoss Protoss
  • League: Diamond
  • Spawn Location: 1:00

COWABUNGA - Winner!

  • Race: Terran Terran
  • League: Diamond
  • Spawn Location: 7:00

VOD

https://youtu.be/lnSpFbCQn0g

Description

This game was part of the Never Attack to GM series. Very hype of game of Beasty trying to claw himself back in the game.

Time

  • Played on: April 25, 2020, 4:12 p.m.
  • Length: 36:44
Show
View Real Time Build Order
Export as new Build Order

Mordrago Protoss 

Build Orders: 1 Gate Expand, Chargelot Immortal, Dark Templar Rush 

Get SALT Encoding   

  12  0:00  Probe  
  13  0:12  Probe  
  14  0:18  Pylon  
  14  0:25  Probe (Chrono Boost)  
  15  0:37  Probe (Chrono Boost)  
  15  0:38  Gateway  
  16  0:44  Probe (Chrono Boost)  
  16  0:48  Assimilator  
  17  0:51  Probe  
  18  1:03  Probe  
  19  1:23  Nexus  
  19  1:33  Cybernetics Core  
  19  1:38  Probe (Chrono Boost)  
  20  1:43  Assimilator  
  20  1:50  Probe (Chrono Boost)  
  20  1:53  Pylon  
  21  1:55  Probe (Chrono Boost)  
  22  2:04  Probe  
  22  2:08  Adept (Chrono Boost)  
  23  2:11  Warp Gate  
  25  2:18  Probe  
  25  2:30  Twilight Council  
  25  2:31  Probe  
  25  2:33  Adept (Chrono Boost)  
  28  2:40  Probe  
  28  2:43  Probe  
  30  2:52  Probe  
  30  2:55  Probe  
  32  3:04  Probe  
  33  3:06  Pylon  
  33  3:08  Probe  
  33  3:10  Dark Shrine  
  34  3:16  Probe  
  34  3:19  Pylon  
  35  3:20  Probe (Chrono Boost)  
  36  3:27  Robotics Facility  
  36  3:28  Probe (Chrono Boost)  
  36  3:34  Assimilator  
  38  3:38  Probe (Chrono Boost)  
  38  3:39  Probe (Chrono Boost)  
  39  3:44  Probe x2 (Chrono Boost)  
  39  3:45  Gateway  
  41  3:50  Gateway  
  41  3:56  Probe  
  42  4:02  Gateway  
  42  4:07  Probe  
  42  4:08  Probe  
  42  4:09  Pylon  
  44  4:10  Assimilator  
  44  4:14  Warp Prism (Chrono Boost)  
  46  4:22  Dark Templar  
  48  4:27  Probe x2  
  48  4:30  Pylon  
  50  4:38  Charge  
  50  4:39  Probe  
  50  4:42  Pylon  
  50  4:44  Observer  
  52  4:48  Probe  
  53  5:03  Shadow Stride  
  53  5:10  Dark Templar x4  
  53  5:51  Immortal (Chrono Boost)  
  53  5:52  Zealot x2  
  53  5:53  Zealot x2  
  63  6:00  Gateway  
  63  6:01  Gateway  
  63  6:03  Gateway  
  63  6:06  Gateway  
  63  6:07  Gateway  
  63  6:09  Pylon x2  
  63  6:12  Pylon  
  63  6:14  Dark Templar  
  63  6:15  Dark Templar  
  63  6:17  Immortal (Chrono Boost)  
  71  6:34  Observer  
  71  6:46  Zealot  
  71  6:47  Zealot  
  71  6:49  Dark Templar  
  71  6:50  Dark Templar  
  71  6:51  Immortal (Chrono Boost)  
  79  7:02  Pylon  
  79  7:03  Pylon, Dark Templar x3  
  79  7:05  Pylon  
  79  7:06  Sentry  
  79  7:07  Pylon  
  87  7:23  Observer (Chrono Boost)  
  88  7:33  Dark Templar  
  88  7:34  Zealot x3  
  88  7:35  Immortal (Chrono Boost), Zealot x2  
  74  8:02  Zealot x6  
  86  8:09  Warp Prism (Chrono Boost)  
  68  8:31  Dark Templar  
  68  8:32  Dark Templar x4  
  68  8:33  Zealot x3  
  84  8:42  Immortal (Chrono Boost)  
  88  9:01  Dark Templar  
  88  9:02  Dark Templar  
  92  9:03  Zealot x2  
  74  9:42  Zealot  
  74  9:43  Zealot x8  
  60  10:09  Dark Templar x5  
  60  10:10  Zealot  
  60  10:12  Dark Templar  
  60  10:30  Zealot x2  
  60  10:32  Dark Templar  
  58  11:05  Zealot x7  
  58  11:06  Zealot x2  
  72  11:27  Dark Templar  
  72  11:28  Dark Templar x3  
  72  11:30  Sentry x2  
  72  11:31  Archon  
  72  11:32  Archon  
  82  11:51  Stalker x2  
  82  11:52  Stalker  
  86  11:57  Stalker x2  
  70  12:15  Dark Templar x2  
  66  12:30  Zealot  
  66  12:31  Zealot x4  
  74  12:51  Nexus  
  74  12:56  Stalker  
  72  13:16  Dark Templar x3  
  76  13:31  Dark Templar x2  
  76  13:36  Observer (Chrono Boost)  
  76  13:37  Observer  
  77  13:49  Observer (Chrono Boost)  
  77  13:50  Dark Templar  
  77  13:53  Dark Templar  
  82  13:57  Assimilator  
  82  14:03  Assimilator  
  82  14:07  Immortal (Chrono Boost)  
  82  14:38  Dark Templar  
  82  14:40  Immortal (Chrono Boost)  
  82  14:43  Probe (Chrono Boost)  
  89  14:53  Probe (Chrono Boost)  
  89  14:55  Zealot  
  89  14:56  Zealot x6  
  89  14:58  Probe (Chrono Boost)  
  104  15:09  Immortal (Chrono Boost)  
  104  15:10  Probe  
  109  15:19  Dark Templar x2  
  111  15:34  Zealot x2  
  111  15:35  Zealot  
  72  16:02  Stalker x6  
  84  16:22  Dark Templar  
  86  16:29  Blink (Chrono Boost), Nexus  
  86  16:35  Forge  
  84  16:47  Zealot x2  
  84  16:53  Dark Templar  
  90  16:56  Dark Templar  
  88  17:02  Probe (Chrono Boost)  
  89  17:13  Probe (Chrono Boost)  
  90  17:17  Probe (Chrono Boost)  
  89  17:27  Dark Templar x5  
  97  17:30  Dark Templar  
  99  17:46  Zealot x3  
  105  17:57  Protoss Ground Weapons Level 1 (Chrono Boost)  
  103  18:00  Assimilator  
  103  18:01  Warp Prism  
  105  18:09  Assimilator  
  105  18:15  Robotics Bay  
  105  18:18  Gateway  
  105  18:21  Gateway  
  105  18:22  Forge  
  105  18:30  Pylon  
  105  18:32  Pylon  
  105  18:40  Unknown  
  95  18:59  Colossus (Chrono Boost)  
  101  19:06  Gateway  
  101  19:08  Gateway  
  99  19:10  Robotics Facility  
  99  19:21  Nexus  
  99  19:26  Dark Templar  
  101  19:34  Extended Thermal Lance (Chrono Boost)  
  101  19:44  Protoss Ground Armor Level 1 (Chrono Boost)  
  101  19:46  Colossus (Chrono Boost)  
  101  20:08  Protoss Ground Weapons Level 2 (Chrono Boost)  
  101  20:10  Probe  
  102  20:22  Probe  
  102  20:23  Dark Templar x3  
  102  20:25  Colossus (Chrono Boost)  
  115  20:30  Observer  
  115  20:34  Probe  
  117  20:47  Stalker  
  117  20:48  Stalker x4  
  127  20:50  Sentry  
  123  21:10  Probe (Chrono Boost)  
  122  21:15  Colossus  
  122  21:16  Observer  
  122  21:18  Sentry  
  131  21:20  Probe (Chrono Boost)  
  131  21:22  Sentry  
  134  21:27  Probe (Chrono Boost)  
  134  21:30  Probe (Chrono Boost)  
  136  21:40  Probe (Chrono Boost)  
  136  21:44  Probe (Chrono Boost)  
  137  21:51  Photon Cannon  
  137  21:52  Photon Cannon x2  
  137  21:53  Warp Prism  
  139  21:56  Stalker x3  
  145  22:11  Probe  
  145  22:28  Stalker x3  
  145  22:29  Stalker x5  
  161  22:44  Protoss Ground Weapons Level 3 (Chrono Boost)  
  120  23:24  Stalker  
  120  23:25  Stalker x9  
  120  23:26  Warp Prism (Chrono Boost)  
  140  23:39  Protoss Ground Armor Level 2 (Chrono Boost)  
  140  23:50  Zealot x6  
  152  23:56  Zealot x2  
  152  23:58  Sentry  
  142  24:26  Stalker x4  
  142  24:27  Stalker x4  
  158  24:34  Templar Archives  
  148  24:41  Observer (Chrono Boost)  
  148  24:43  Observer (Chrono Boost)  
  148  24:45  Zealot  
  152  24:46  Zealot x3  
  158  24:53  Psionic Storm  
  158  24:55  Observer (Chrono Boost)  
  158  24:57  Observer  
  159  25:04  Nexus  
  157  25:13  Colossus  
  157  25:15  High Templar  
  157  25:20  High Templar  
  159  25:22  Zealot x2  
  159  25:23  Zealot  
  165  25:32  Protoss Shields Level 1 (Chrono Boost)  
  159  25:50  Zealot  
  159  25:51  Zealot x7  
  174  25:57  Probe  
  178  26:07  High Templar x2  
  178  26:08  High Templar x2  
  178  26:09  Probe  
  167  26:37  Stalker  
  167  26:38  Stalker x5  
  179  26:40  Pylon  
  179  26:42  Pylon  
  179  26:43  Pylon  
  134  27:02  Archon x2  
  108  27:09  Zealot  
  108  27:10  Zealot x9  
  108  27:13  High Templar x2  
  108  27:15  High Templar  
  134  27:17  Archon  
  116  27:43  Stalker x7  
  99  27:52  High Templar  
  99  27:53  High Templar  
  79  28:04  Archon  
  73  28:08  Zealot x4  
  71  28:16  Probe (Chrono Boost)  
  68  28:26  Probe x2 (Chrono Boost)  
  68  28:31  Probe (Chrono Boost)  
  68  28:33  Probe  
  70  28:34  High Templar x3  
  70  28:38  Dark Templar  
  78  28:47  Probe (Chrono Boost)  
  71  28:54  Probe (Chrono Boost)  
  72  28:55  Probe (Chrono Boost)  
  72  28:57  Probe (Chrono Boost)  
  72  28:58  Archon  
  72  29:00  Zealot x2, High Templar  
  72  29:01  Probe (Chrono Boost)  
  80  29:04  Probe (Chrono Boost)  
  80  29:09  Zealot x2  
  82  29:11  High Templar  
  84  29:24  Observer (Chrono Boost)  
  85  29:26  Zealot  
  85  29:27  Zealot x4  
  95  29:35  Archon  
  75  29:49  Zealot x4  
  75  29:50  Zealot x3  
  83  29:55  Probe (Chrono Boost)  
  83  29:59  Probe (Chrono Boost)  
  83  30:01  Observer (Chrono Boost)  
  86  30:07  Probe (Chrono Boost)  
  86  30:08  Probe x2 (Chrono Boost)  
  81  30:31  Zealot  
  81  30:32  Zealot x9  
  95  30:42  Probe x2 (Chrono Boost), Assimilator  
  97  30:52  Probe (Chrono Boost)  
  97  30:54  Probe (Chrono Boost)  
  97  30:57  Probe (Chrono Boost)  
  97  31:03  Probe  
  75  31:13  Observer (Chrono Boost)  
  75  31:15  Probe  
  71  31:21  Photon Cannon  
  67  31:29  Probe, Photon Cannon  
  67  31:32  Assimilator, Photon Cannon  
  68  31:35  Probe  
  69  31:42  Probe  
  63  31:47  Probe, High Templar x3  
  63  31:48  High Templar x4  
  63  31:53  Archon x2  
  63  31:54  Probe, Archon  
  78  31:55  Zealot x4, High Templar  
  78  31:56  Zealot  
  78  31:59  Archon  
  90  32:07  Probe x2  
  92  32:15  Photon Cannon  
  88  32:29  Nexus  
  68  32:51  Pylon  
  68  32:53  Pylon  
  68  32:57  Stalker x3  
  68  32:58  Stalker x6  
  64  33:06  Observer (Chrono Boost)  
  61  33:18  Observer (Chrono Boost), Dark Templar x2  
  61  33:22  Pylon  
  62  33:31  Probe  
  61  33:43  Probe (Chrono Boost)  
  63  33:52  Probe (Chrono Boost)  
  63  33:53  Probe (Chrono Boost)  
  63  33:55  Probe (Chrono Boost)  
  65  33:58  Photon Cannon  
  65  34:00  Probe (Chrono Boost)  
  65  34:02  Probe x2 (Chrono Boost)  
  64  34:09  Dark Templar x2  
  64  34:10  Probe, Zealot  
  64  34:13  Archon  
  67  34:17  Pylon  
  67  34:21  Shield Battery  
  67  34:38  Warp Prism (Chrono Boost)  
  64  34:49  High Templar  
  64  34:51  High Templar  
  68  34:54  Zealot x3  
  68  34:55  Zealot x2  
  68  34:56  Archon  
  68  34:58  Probe (Chrono Boost)  
  81  35:08  Probe x2 (Chrono Boost)  
  81  35:17  Stargate  
  50  36:00  Stalker  
  50  36:01  Stalker x5  
  62  36:06  Stalker  
Show
View Real Time Build Order
Export as new Build Order

COWABUNGA Terran - Winner!

Build Orders: Reaper Expand 

Get SALT Encoding   

  12  0:02  SCV  
  14  0:14  SCV  
  14  0:18  Supply Depot  
  14  0:26  SCV  
  15  0:40  SCV  
  15  0:41  Barracks  
  16  0:45  Refinery  
  16  0:52  SCV  
  17  1:04  SCV  
  18  1:20  SCV  
  19  1:32  Reaper  
  20  1:35  Orbital Command  
  20  1:47  Command Center  
  20  1:58  Supply Depot  
  20  2:00  SCV  
  21  2:04  Marine  
  22  2:10  Factory  
  22  2:13  SCV  
  23  2:23  Bunker  
  23  2:25  Barracks Reactor, SCV  
  24  2:33  Refinery  
  24  2:37  SCV  
  25  2:49  SCV  
  26  2:59  Orbital Command  
  26  3:02  SCV, Marine x2  
  26  3:03  Factory Tech Lab  
  26  3:04  Widow Mine  
  31  3:10  Supply Depot  
  31  3:15  SCV  
  32  3:20  Marine x2  
  32  3:25  SCV  
  35  3:27  SCV  
  35  3:28  Factory Tech Lab  
  35  3:34  Starport  
  36  3:37  SCV  
  36  3:40  SCV, Marine x2  
  40  3:47  Cyclone  
  43  3:49  SCV  
  43  3:52  SCV  
  43  3:55  Supply Depot  
  45  4:00  Marine x2  
  45  4:01  SCV  
  48  4:04  SCV  
  49  4:12  Viking  
  49  4:13  SCV  
  52  4:17  Supply Depot  
  52  4:18  Supply Depot  
  52  4:20  Siege Tank  
  52  4:23  SCV  
  56  4:28  SCV  
  57  4:36  Command Center  
  57  4:37  SCV  
  58  4:39  Refinery  
  58  4:40  Refinery  
  58  4:42  Viking  
  60  4:46  SCV  
  60  4:50  Barracks Tech Lab  
  60  4:51  SCV  
  60  4:52  Siege Tank  
  65  4:53  Supply Depot  
  65  4:58  SCV  
  66  5:01  Engineering Bay  
  66  5:03  SCV  
  67  5:09  Ghost Academy  
  67  5:10  SCV  
  68  5:20  SCV  
  69  5:23  SCV  
  70  5:32  SCV  
  70  5:34  Missile Turret x2  
  62  5:36  SCV  
  60  5:43  Ghost  
  60  5:44  SCV  
  64  5:53  SCV  
  64  5:57  Orbital Command  
  64  6:03  SCV  
  65  6:08  Siege Tank  
  65  6:10  SCV  
  69  6:16  Ghost  
  71  6:19  SCV  
  71  6:21  Starport Reactor  
  71  6:23  SCV  
  71  6:24  SCV  
  74  6:36  SCV  
  74  6:39  SCV  
  75  6:40  SCV  
  75  6:44  Ghost  
  75  6:45  Orbital Command  
  78  6:48  SCV  
  78  6:52  Missile Turret  
  78  6:53  Missile Turret  
  78  6:54  SCV  
  80  6:55  Missile Turret  
  80  6:56  Missile Turret  
  80  7:00  SCV  
  81  7:06  SCV, Siege Tank  
  85  7:08  Viking  
  85  7:12  SCV, Missile Turret  
  85  7:15  SCV  
  89  7:16  Missile Turret  
  89  7:17  Missile Turret  
  89  7:18  SCV  
  89  7:20  Ghost  
  92  7:23  Personal Cloaking  
  92  7:25  SCV  
  92  7:27  SCV  
  94  7:30  Viking  
  96  7:39  SCV x2  
  96  7:41  Engineering Bay  
  98  7:47  Siege Tank  
  98  7:50  SCV  
  92  7:53  SCV  
  92  7:58  SCV  
  91  7:59  Missile Turret, Liberator  
  91  8:02  Bunker  
  91  8:03  Ghost  
  96  8:08  SCV  
  96  8:13  Supply Depot  
  96  8:15  Supply Depot  
  96  8:16  Liberator  
  99  8:20  SCV  
  99  8:24  Siege Tank  
  99  8:27  SCV  
  92  8:32  SCV, Orbital Command  
  93  8:39  Marine  
  94  8:44  SCV  
  94  8:45  Factory x2  
  94  8:46  Refinery  
  94  8:52  Refinery  
  94  8:56  Ghost Academy  
  94  8:57  SCV, Ghost Academy  
  94  9:00  Missile Turret  
  94  9:02  SCV  
  96  9:07  SCV  
  96  9:09  SCV  
  98  9:12  Missile Turret  
  98  9:14  Sensor Tower  
  98  9:16  Sensor Tower  
  98  9:17  SCV  
  98  9:19  SCV  
  98  9:21  SCV  
  101  9:27  Siege Tank  
  101  9:29  SCV  
  94  9:31  Ghost  
  87  9:39  Factory Reactor, Factory Tech Lab  
  85  9:46  SCV x2  
  85  9:49  SCV  
  82  9:56  Supply Depot  
  82  9:57  Supply Depot  
  82  9:58  SCV x2, Supply Depot x2  
  82  9:59  Supply Depot  
  77  10:01  Siege Tank  
  77  10:06  SCV  
  65  10:11  SCV  
  65  10:12  Siege Tank  
  65  10:13  Liberator x2  
  65  10:14  SCV  
  65  10:19  SCV  
  65  10:24  Missile Turret  
  61  10:30  Widow Mine  
  59  10:43  Siege Tank  
  59  10:46  SCV  
  50  10:53  SCV x2  
  48  11:00  SCV  
  49  11:11  Missile Turret  
  49  11:13  SCV, Orbital Command  
  50  11:25  SCV  
  46  11:31  Missile Turret  
  46  11:32  Widow Mine  
  46  11:37  SCV  
  47  11:45  SCV  
  48  11:52  SCV  
  49  12:04  SCV x2  
  51  12:09  Widow Mine  
  46  12:17  SCV  
  46  12:20  Orbital Command  
  47  12:27  SCV  
  47  12:29  Orbital Command  
  47  12:34  SCV  
  43  12:39  SCV  
  43  12:40  Siege Tank  
  47  12:46  SCV  
  48  12:51  SCV  
  48  12:52  Factory Tech Lab  
  48  12:57  Refinery  
  50  12:59  Refinery  
  50  13:01  SCV  
  50  13:03  SCV  
  50  13:04  Widow Mine  
  53  13:08  SCV  
  53  13:11  Barracks Tech Lab  
  53  13:12  Liberator  
  57  13:13  SCV  
  57  13:16  SCV  
  57  13:17  Orbital Command  
  59  13:20  SCV  
  59  13:24  Supply Depot  
  59  13:25  Siege Tank  
  63  13:35  Supply Depot  
  63  13:36  Supply Depot  
  63  13:41  Supply Depot  
  63  13:43  Supply Depot  
  63  13:46  SCV, Siege Tank  
  67  13:55  Missile Turret  
  67  13:57  Siege Tank  
  70  14:03  Armory  
  70  14:05  Ghost  
  72  14:12  Viking  
  74  14:17  Viking  
  75  14:26  SCV  
  75  14:28  SCV x2  
  78  14:36  Siege Tank  
  78  14:37  Siege Tank  
  81  14:43  Orbital Command  
  81  14:44  SCV  
  82  14:50  SCV  
  82  14:51  Ghost  
  85  14:57  SCV  
  86  15:02  Viking  
  88  15:07  Missile Turret  
  88  15:08  SCV x2  
  88  15:13  Supply Depot  
  88  15:14  Missile Turret  
  89  15:22  Missile Turret  
  89  15:24  Supply Depot  
  89  15:32  Ghost  
  89  15:34  SCV  
  89  15:35  SCV  
  93  15:39  Drilling Claws  
  94  15:47  SCV  
  82  15:52  SCV  
  82  15:56  Orbital Command  
  68  15:57  Siege Tank  
  68  15:59  SCV  
  72  16:08  SCV  
  71  16:11  SCV  
  70  16:20  SCV, Widow Mine x2  
  70  16:25  Missile Turret  
  75  16:26  SCV  
  75  16:30  SCV  
  77  16:34  SCV  
  77  16:38  SCV  
  77  16:39  Widow Mine  
  81  16:42  SCV  
  81  16:46  SCV  
  81  16:50  SCV  
  82  16:56  SCV  
  82  16:58  Supply Depot  
  82  16:59  SCV  
  84  17:05  Siege Tank  
  84  17:06  SCV  
  88  17:12  Terran Ship Weapons Level 1  
  85  17:24  SCV x2  
  85  17:27  Siege Tank  
  85  17:28  SCV, Widow Mine x2  
  95  17:33  Refinery  
  95  17:40  Nuke  
  95  17:46  Nuke  
  95  17:47  Nuke  
  95  17:56  Viking  
  95  17:57  Viking  
  99  18:04  Siege Tank  
  102  18:08  Supply Depot  
  102  18:10  Supply Depot  
  102  18:12  Supply Depot  
  102  18:17  Ghost  
  104  18:27  Starport  
  104  18:29  Fusion Core  
  104  18:34  Viking  
  104  18:39  Viking  
  108  18:49  Siege Tank  
  102  18:56  Ghost  
  104  19:05  Siege Tank  
  107  19:19  Widow Mine x2  
  107  19:20  Viking  
  113  19:28  Terran Ship Weapons Level 2  
  113  19:44  Nuke x2  
  113  19:46  Advanced Ballistics, Starport Reactor  
  113  19:52  SCV x2  
  115  20:02  Command Center  
  115  20:05  Siege Tank x2  
  115  20:06  Widow Mine  
  123  20:08  Orbital Command  
  123  20:09  Supply Depot  
  123  20:26  SCV  
  124  20:31  Viking x3  
  130  20:37  Missile Turret  
  130  20:38  SCV  
  130  20:39  Missile Turret  
  131  20:48  Viking  
  131  20:49  SCV  
  134  20:52  Nuke  
  134  20:55  SCV  
  134  21:02  Missile Turret  
  134  21:03  SCV  
  129  21:07  SCV  
  129  21:11  SCV  
  131  21:15  SCV  
  131  21:17  SCV  
  133  21:19  SCV  
  133  21:23  SCV  
  135  21:32  Nuke  
  135  21:34  SCV  
  135  21:35  SCV  
  135  21:37  Liberator  
  140  21:41  Liberator  
  141  21:52  Ghost  
  143  21:57  Refinery x2  
  143  22:02  Missile Turret x2  
  143  22:03  Sensor Tower  
  143  22:06  Nuke  
  143  22:08  Terran Vehicle And Ship Armor Level 1  
  143  22:11  Nuke  
  143  22:34  SCV  
  144  22:38  SCV  
  145  22:45  Nuke  
  145  22:46  Viking x2  
  145  22:47  Liberator  
  112  23:20  Liberator x3  
  112  23:22  SCV  
  118  23:40  Siege Tank  
  122  23:42  Widow Mine x2  
  125  23:48  SCV  
  125  23:49  SCV  
  125  23:51  Orbital Command  
  127  24:00  Missile Turret  
  127  24:01  Widow Mine  
  127  24:02  Unknown  
  111  24:42  SCV x2  
  111  24:43  SCV  
  114  24:51  Command Center, Siege Tank  
  117  25:01  Planetary Fortress  
  111  25:07  SCV  
  110  25:14  SCV  
  110  25:15  SCV  
  112  25:27  SCV x2  
  115  25:30  Unknown  
  115  25:31  Orbital Command  
  115  25:39  SCV x2  
  113  25:43  SCV  
  113  25:51  SCV x2, Missile Turret  
  113  25:55  SCV  
  113  25:56  Widow Mine, Siege Tank x2  
  120  26:01  SCV  
  120  26:03  SCV  
  120  26:04  SCV  
  123  26:07  SCV  
  123  26:10  Nuke x3  
  124  26:15  SCV  
  124  26:22  Orbital Command  
  124  26:26  SCV x2  
  124  26:32  Ghost  
  118  26:56  Siege Tank  
  118  26:57  Siege Tank  
  97  27:02  Hellion x2  
  97  27:03  SCV  
  97  27:08  SCV  
  98  27:10  SCV x2  
  98  27:15  SCV  
  101  27:17  SCV, Unknown  
  102  27:28  Orbital Command  
  59  28:01  SCV, Orbital Command  
  61  28:08  SCV  
  60  28:25  SCV  
  59  28:34  SCV  
  59  28:39  SCV  
  61  28:45  SCV  
  61  28:46  SCV  
  63  28:54  SCV x2  
  65  28:59  SCV  
  65  29:01  SCV  
  67  29:06  SCV, Widow Mine  
  70  29:14  SCV x2  
  70  29:15  SCV  
  73  29:18  SCV  
  74  29:26  SCV x2  
  74  29:27  SCV  
  74  29:28  Widow Mine x2  
  74  29:31  SCV  
  82  29:38  SCV  
  67  29:44  Siege Tank  
  67  29:48  SCV  
  67  29:49  SCV  
  69  29:53  Missile Turret  
  69  29:59  SCV  
  70  30:05  Widow Mine x2  
  74  30:09  Orbital Command  
  74  30:13  SCV  
  73  30:23  Widow Mine x2  
  77  30:33  SCV x2  
  79  30:37  SCV  
  80  30:49  Liberator  
  80  30:51  SCV  
  78  30:58  Hellion x2  
  76  31:06  Ghost  
  72  31:14  Orbital Command  
  72  31:21  SCV  
  72  31:22  SCV x2  
  73  31:34  SCV x3  
  73  31:35  Missile Turret  
  76  31:40  Widow Mine  
  76  31:41  Widow Mine  
  76  31:44  SCV  
  76  31:46  SCV x2  
  81  32:03  Missile Turret  
  81  32:06  Ghost, Missile Turret  
  81  32:11  Sensor Tower, Liberator  
  82  32:24  SCV  
  82  32:25  Infernal Pre-Igniter  
  82  32:26  Hellion x2, Missile Turret  
  82  32:27  Hellion x2  
  91  32:31  Orbital Command  
  86  32:39  Liberator  
  89  32:47  SCV  
  89  32:48  Hellion  
  92  32:53  Widow Mine x3  
  98  32:58  SCV  
  98  32:59  Liberator  
  98  33:01  SCV  
  98  33:04  SCV  
  98  33:05  SCV  
  101  33:09  Hellion  
  101  33:12  Liberator  
  106  33:14  Hellion x2  
  110  33:24  Hellion  
  110  33:25  Liberator  
  115  33:30  Hellion  
  115  33:31  Command Center  
  117  33:40  Supply Depot  
  115  33:52  Hellion x2  
  115  33:53  Supply Depot  
  116  34:01  Hellion  
  112  34:10  Refinery, Widow Mine  
  116  34:17  Widow Mine x2  
  118  34:25  Widow Mine  
  120  34:32  Widow Mine  
  122  34:48  Command Center  
  120  34:58  Hellion x2  
  124  35:08  Siege Tank  
  125  35:22  Hellion x14  
  122  35:37  Orbital Command  
  116  35:47  SCV  
  117  36:00  Liberator x2, Siege Tank x2  
Tags
 
Add a new tag
Caveats
  • Supply blocks, unpowered buildings, or Contaminate may cause inaccurate times.
  • Supply counts are checked every 10 seconds.